Construct Section Command Post
Selects Australian Defense Battlegroup
Selects Australian Defense Battlegroup
Selects Australian Light Infantry Section
Australian Light Infantry Section
Australian Light Infantry Section
Construct Platoon Command Post
Selects Defensive Tactics
Selects CMP 15cwt Supply Run
Unlock Bishop Self-propelled Artillery
Construct Field Infirmary
6-pounder Anti-tank Gun Team
Selects Reinforced Resource Caches
Bishop Self-propelled Artillery
Bishop Self-propelled Artillery